 Dungeon Crawl Stone Soup version 0.18-a0-1789-gbeff17f (webtiles) character file.

1117 barb4r1an the Covered (level 8, -5/65 HPs)
             Began as a Deep Dwarf Fighter on Apr 21, 2016.
             Slain by an orc warrior
             ... wielding a +0 halberd
              (8 damage)
             ... on level 5 of the Dungeon.
             The game lasted 00:08:00 (3781 turns).

barb4r1an the Covered (Deep Dwarf Fighter)          Turns: 3781, Time: 00:08:01

Health: -5/65      AC: 13    Str: 23    XL:     8   Next: 12%
Magic:  7/7        EV: 10    Int: 10    God:
Gold:   229        SH: 10    Dex: 12    Spells: 0 memorised, 7 levels left

rFire  . . .     SeeInvis .     q - +3 short sword (protect)
rCold  + . .     Gourm    .     b - +0 scale mail
rNeg   . . .     Faith    .     c - +0 shield
rPois  .         Spirit   .     j - +0 helmet
rElec  .         Dismiss  .     (no cloak)
rCorr  .         Reflect  .     (no gloves)
SustAt .         Harm     .     (no boots)
MR     +....                    (no amulet)
Stlth  ..........               (no ring)
                                (no ring)

@: non-regenerating, somewhat resistant to hostile enchantments, extremely
unstealthy
A: damage resistance, recharge devices, cold resistance 1, frail 1, sense
surroundings 2, slow regeneration 3, strong 1
a: Device Recharging


You were on level 5 of the Dungeon.
You were full.

You visited 2 branches of the dungeon, and saw 7 of its levels.

You collected 229 gold pieces.

Inventory:

Hand Weapons
 a - a +0 war axe
 q - a +3 short sword of protection (weapon)
Armour
 b - a +0 scale mail (worn)
 c - a +0 shield (worn)
 j - a +0 helmet (worn)
Jewellery
 i - an uncursed ring of protection from fire {unknown}
 r - an uncursed ring of protection from magic {unknown}
 C - a cursed -3 ring of protection {unknown}
Wands
 e - a wand of heal wounds (3/9)
 t - a wand of lightning (3/15)
 v - a wand of digging (7/24)
Scrolls
 l - 6 scrolls of identify {unknown}
 m - 2 scrolls of teleportation {unknown}
 o - 2 scrolls of enchant weapon {unknown}
 p - 2 scrolls of immolation {unknown}
 u - 2 scrolls of random uselessness {unknown}
 x - a scroll of remove curse {unknown}
 y - 2 scrolls of blinking {unknown}
 F - a scroll of fear {unknown}
Potions
 d - 6 potions of might
 g - 3 potions of curing {unknown}
 h - a potion of agility {unknown}
 w - 4 potions of heal wounds {unknown}
 z - a potion of degeneration {unknown}
 A - a potion of resistance {unknown}
 D - a potion of flight {unknown}
 E - a potion of magic {unknown}
Comestibles
 f - 5 bread rations
 k - a meat ration
 n - 2 slices of pizza


   Skills:
 + Level 4.9 Fighting
 + Level 5.0 Axes
 + Level 5.8 Armour
 + Level 4.0 Dodging
 + Level 5.6 Shields


You had 7 spell levels left.
You didn't know any spells.

Dungeon Overview and Level Annotations

Branches:
Dungeon (6/15)             Temple (1/1) D:4

Altars:
Cheibriados
Dithmenos
Gozag
Okawaru
Pakellas
Qazlal
Ru
Trog
Xom
Yredelemnul
Zin
The Shining One

Annotations:
D:2 Sigmund


Innate Abilities, Weirdness & Mutations

You are resistant to damage.
You can recharge devices by infusing magical energy.
You passively map the area around you.
You do not regenerate naturally.
Your flesh is cold resistant.
You are frail (-10% HP).
Your muscles are strong. (Str +2)


Message History

The orc warrior hits you with a halberd!
You barely miss the orc warrior.
The orc warrior is severely wounded.
The orc warrior hits you with a halberd!
* * * LOW HITPOINT WARNING * * *
You hit the orc warrior.
The orc warrior is severely wounded.
You block the orc warrior's attack.
You hit the orc warrior but do no damage.
The orc warrior is severely wounded.
The orc warrior hits you with a halberd!
* * * LOW HITPOINT WARNING * * *
You barely miss the orc warrior.
The orc warrior is severely wounded.
The orc warrior hits you with a halberd!
* * * LOW HITPOINT WARNING * * *
You hit the orc warrior but do no damage.
The orc warrior is severely wounded.
The orc warrior hits you with a halberd!
You die...

#.##########..#+##'##### #.#
#.# ##.#.##.# #.# #.# #.#.##.#
#.# #.# #...##.# #.# ##.#
#...##.#######.##### ...#
#...##.##........... ##########
#.)o##.##.####.##### #......#
#.#o##.##.#.........
###......###
#.#@##.##.#.##.#.###
.^+......'.# #.#.##.##.#.#..#.#
###......#.# #.#.##.##.#.####.#
# #......#.###.#.#..##.#......#
#
#......#.##....#.###.##########
# #......#.####..#.#
#.<......... #
#......#.......#.# ##.#########
# ##########.....#.#
#......†.[. # #.......#
#.#########


You could see an orc warrior and an orc.

Vanquished Creatures
  Grinder (D:4)
  A sky beast (D:5)
  An ogre (D:4)
  2 scorpions
  A howler monkey (D:4)
  4 crimson imps (D:4)
  3 orc priests
  2 hounds (D:5)
  An orc wizard (D:4)
  4 worker ants
  A hound skeleton (D:4)
  4 gnolls (D:3)
  5 adders
  3 oozes
  An adder skeleton (D:4)
  4 worms
  4 dart slugs
  6 giant geckos
  7 orcs
  3 giant cockroaches
  2 gnoll zombies (D:2)
  5 hobgoblins
  12 jackals
  2 kobolds
  2 quokkas
  6 bats
  3 giant newts
  3 goblins
  3 rats
96 creatures vanquished.

Notes
Turn   | Place    | Note
--------------------------------------------------------------
     0 | D:1      | barb4r1an the Deep Dwarf Fighter began the quest for the Orb.
     0 | D:1      | Reached XP level 1. HP: 20/20 MP: 1/1
    67 | D:1      | Reached XP level 2. HP: 14/27 MP: 2/2
   129 | D:1      | Reached skill level 1 in Dodging
   335 | D:1      | Reached XP level 3. HP: 14/33 MP: 3/3
   702 | D:2      | Found a basalt altar of Yredelemnul.
   786 | D:2      | Noticed Sigmund
  1074 | D:3      | Reached XP level 4. HP: 22/40 MP: 4/4
  1093 | D:3      | Found a stormy altar of Qazlal.
  1170 | D:3      | Found an oddly glowing altar of Pakellas.
  1458 | D:3      | Reached XP level 5. HP: 42/49 MP: 5/5
  1648 | D:3      | Found a bloodstained altar of Trog.
  1733 | D:4      | Noticed Grinder
  1735 | D:4      | Paralysed by Grinder for 5 turns
  1768 | D:4      | Killed Grinder
  1768 | D:4      | Reached XP level 6. HP: 29/57 MP: 6/6
  1923 | D:4      | Found a snail-covered altar of Cheibriados.
  1943 | D:4      | Found a shimmering altar of Xom.
  2029 | D:4      | Reached XP level 7. HP: 36/64 MP: 7/7
  2031 | D:4      | Reached skill level 5 in Armour
  2049 | D:4      | Reached skill level 5 in Shields
  2366 | D:4      | Found a staircase to the Ecumenical Temple.
  2442 | Temple   | Entered the Ecumenical Temple
  2758 | D:5      | Entered Level 5 of the Dungeon
  2803 | D:5      | Found a sacrificial altar of Ru.
  2992 | D:5      | Found a glowing golden altar of the Shining One.
  3659 | D:5      | Reached XP level 8. HP: 36/73 MP: 8/8
  3664 | D:5      | Gained mutation: You passively map the area around you. [mutagenic meat]
  3665 | D:5      | Gained mutation: Your muscles are strong. (Str +2) [mutagenic meat]
  3666 | D:5      | Gained mutation: You are frail (-10% HP). [mutagenic meat]
  3667 | D:5      | Gained mutation: Your flesh is cold resistant. [mutagenic meat]
  3699 | D:6      | Reached skill level 5 in Axes
  3780 | D:5      | HP: 3/65 [orc warrior/halberd (6)]
  3781 | D:5      | Slain by an orc warrior

Vault maps used:
D:1:      lightli_arrival_windingriver
D:2:      lemuel_zombie_altar_yredelemnul, uniq_sigmund
D:3:      lightli_temple_of_fire, nicolae_qazlal_general_emergency,
          nicolae_overflow_hidden_temple, first_bread
D:4:      cheibriados_altar_1, led_xom_imps, minmay_temple_entry_statues,
          uniq_grinder
D:5:      basic_altar, nicolae_ru_path_of_blood
Temple:   hc_temple_tempest_star

Skill      XL: |  1  2  3  4  5  6  7  8 |
---------------+-------------------------+-----
Dodging        | 1 2 3 4 |  4.0
Armour         | 4 5 |  5.8
Fighting       | 3 4 |  4.9
Axes           | 3 4 5 |  5.0
Shields        | 4 5 |  5.6

Action                   |  1- 3 |  4- 6 |  7- 9 || total
-------------------------+-------+-------+-------++-------
Melee: War axe           |   121 |    27 |       ||   148
       Short sword       |       |   134 |   236 ||   370
 Abil: Device Recharging |       |       |     1 ||     1
Evoke: Wand              |     1 |     3 |     3 ||     7
  Eat: Chunk             |       |     2 |     4 ||     6
       Meat ration       |       |     1 |       ||     1
       Beef jerky        |       |       |     1 ||     1
       Bread ration      |       |       |     1 ||     1
       Royal jelly       |       |       |     1 ||     1
Armor: Scale mail        |    78 |    55 |    91 ||   224
Dodge: Dodged            |    47 |    39 |    84 ||   170
Block: Shield            |    90 |    71 |   116 ||   277
